 Dungeon Crawl Stone Soup version 0.27-a0-1139-g28e009f8a6 (webtiles) character file.

Game seed: 190558391977833412

64 ReteAZ the Magician (level 4, 0/32 HPs)
             Began as a Djinni Fire Elementalist on May 8, 2021.
             Slain by Terence
             ... wielding a +0 hand axe
              (8 damage)
             ... on level 3 of the Dungeon.
             The game lasted 00:03:15 (3586 turns).

ReteAZ the Magician (Djinni Fire Elementalist)      Turns: 3586, Time: 00:03:15

Health: 0/32       AC:  2    Str:  7    XL:     4   Next: 12%
Gold:   38         EV: 12    Int: 18    God:
                   SH:  0    Dex: 13

rFire    + + .     SeeInvis .   (no weapon)
rCold    x . .     Faith    .   (no shield)
rNeg     . . .     Spirit   .   a - +0 robe
rPois    ∞         Reflect  .   (no helmet)
rElec    .         Harm     .   (no cloak)
rCorr    .         Rampage  .   (no gloves)
Will     .....                  (boots unavailable)
Stlth    ++........             (no amulet)
HPRegen  0.10/turn              (no ring)
MPRegen  0.00/turn              (no ring)

@: flying
A: sickness immunity, fire resistance 2, cold vulnerability 1, float, innate
caster, hp casting, extra vitality 1
a: no special abilities


You were on level 3 of the Dungeon.
You visited 1 branch of the dungeon, and saw 3 of its levels.

You collected 38 gold pieces.

Inventory:

Armour
 a - a +0 robe (worn)
 g - a +0 buckler
Scrolls
 b - a scroll of teleportation {unknown}
 c - 2 scrolls of noise {unknown}
 d - 6 scrolls of identify {unknown}
 e - 2 scrolls of blinking {unknown}
 f - a scroll of acquirement {unknown}
 h - a scroll of holy word {unknown}
 i - a scroll of amnesia {unknown}
Potions
 j - a potion of cancellation {unknown}


   Skills:
 + Level 1.2 Fighting
 + Level 1.3 Armour
 + Level 2.7 Dodging
 - Level 1.5 Stealth
 * Level 0.8 Shields
 * Level 3.3 Spellcasting


You couldn't memorise any spells.
You knew the following spells:

 Your Spells              Type           Power      Damage    Failure   Level
a - Foxfire               Conj/Fire      56%        2x1d6     4%          1
b - Conjure Flame         Conj/Fire      14%        6-21      12%         3
c - Inner Flame           Hex/Fire       14%        N/A       12%         3
d - Sticky Flame          Conj/Fire      14%        2d4       38%         4
e - Fireball              Conj/Fire      7%         3d5       75%         5
f - Summon Small Mammal   Summ           56%        N/A       4%          1
Your spell library was empty.

Dungeon Overview and Level Annotations

Branches:
Dungeon (3/15)

Altars:

Annotations:
D:2 Sigmund
D:3 Terence


Innate Abilities, Weirdness & Mutations

You are immune to sickness and miasma.
You are immune to poison.
Your flesh is very heat resistant. (rF++)
You are vulnerable to cold. (rC-)
You float through the air rather than walking.
You learn spells naturally, not from books.
Your magical power is your life essence.
You have superior vitality. (+4 HP)


Message History

Confirm with . or Enter, or press ? or * to list all spells.
The spell is potentially lethal to cast (52% risk of failure)!
Continue anyway?
Okay, then.
Casting: Sticky Flame (potentially lethal; 52% risk of failure)
Confirm with . or Enter, or press ? or * to list all spells.
The spell is potentially lethal to cast (52% risk of failure)!
Continue anyway?
Okay, then.
Unknown command.
The foxfire hits Terence but does no damage.
Terence is lightly wounded.
Terence screams, "I'm going to kill you!"
Your magical contamination has completely faded away.
Unknown command.
Terence hits you with a +0 hand axe.
Keep disrobing?
You start removing your armour.
You continue taking off your +0 buckler.
Terence misses you.
You continue taking off your +0 buckler.
Terence hits you but does no damage.
You continue taking off your +0 buckler.
Terence hits you with a +0 hand axe.
You continue taking off your +0 buckler.
Terence closely misses you.
You finish taking off your +0 buckler.
Casting: Sticky Flame (extremely dangerous; 38% risk of failure)
Confirm with . or Enter, or press ? or * to list all spells.
The spell is extremely dangerous to cast (38% risk of failure)!
Continue anyway?
Aiming: Sticky Flame (extremely dangerous; 38% risk of failure)
Press: ? - help, Shift-Dir - straight line, f - Terence
Aim: Terence, wielding a +0 hand axe and wearing a +0 chain mail of poison resistance (lightly wounded, 100% to hit)
You miscast Sticky Flame.
You are very lightly contaminated with residual magic.
Nothing appears to happen.
Terence hits you with a +0 hand axe!
* * * LOW HITPOINT WARNING * * *
You see here a +0 chain mail.
Your magical contamination has completely faded away.
There is a stone staircase leading up here.
Terence hits you with a +0 hand axe!
You die...

#.# #># #.# #.# #.#
#.# #.# #.#
######.#########.##
.......[..........#
######.############
#.############
#.........@@.#
#.############ #.#
###


You could see Terence.

Vanquished Creatures
  An adder (D:2)
  A worm (D:2)
  2 dart slugs (D:1)
  4 bats
  2 endoplasms (D:2)
  5 hobgoblins
  9 jackals (D:1)
  3 kobolds
  3 quokkas
  6 ball pythons
  4 frilled lizards
  A goblin (D:1)
  6 rats
47 creatures vanquished.

Vanquished Creatures (collateral kills)
  4 foxfires (D:1)
4 creatures vanquished.

Vanquished Creatures (others)
  222 foxfires
222 creatures vanquished.

Grand Total: 273 creatures vanquished

Notes
Turn   | Place    | Note
-------+----------+-------------------------------------------
     0 | D:1      | ReteAZ the Djinni Fire Elementalist began the quest for the
                  | Orb.
     0 | D:1      | Reached XP level 1. HP: 15/15 MP: 0/0
   334 | D:1      | Reached XP level 2. HP: 11/22 MP: 0/0
   736 | D:1      | Reached skill level 3 in Spellcasting
   901 | D:1      | Reached XP level 3. HP: 15/26 MP: 0/0
   901 | D:1      | Learned a level 1 spell: Summon Small Mammal
  1197 | D:1      | Reached skill level 1 in Fighting
  1197 | D:1      | Reached skill level 1 in Armour
  2577 | D:2      | Found a faded altar of an unknown god.
  2837 | D:2      | Reached XP level 4. HP: 21/32 MP: 0/0
  3187 | D:2      | Noticed Sigmund
  3552 | D:3      | Noticed Terence
  3586 | D:3      | Slain by Terence

Illustrated notes

Levels and vault maps discovered:
D:1:      zelgadis_glass_arrival_small, layout_rooms, serial_forest,
          infiniplex_forest_lined_1, infiniplex_forest_clump_small,
          infiniplex_forest_lined_room_2, infiniplex_forest_clump_small,
          infiniplex_forest_straight_5, infiniplex_forest_diagonal
D:2:      layout_loops_ring, shapermc_ecumenical_altar_mp_highgroup,
          uniq_sigmund
D:3:      layout_basic, serial_shops, nicolae_shop_window_shopping,
          kennysheep_minor_cross, grunt_ministairs_5, corexii_hall_statues_l,
          uniq_terence, uniq_grinder, uniq_ijyb

Skill      XL: |  1  2  3 |
---------------+----------+-----
Spellcasting   | 3 |  3.3
Fighting       | 1 |  1.2
Armour         | 1 |  1.3
Dodging        | |  2.7
Stealth        | |  1.5
Shields        | |  0.8

Action                   |  1- 3 |  4- 6 || total
-------------------------+-------+-------++-------
Melee: Unarmed           |     9 |       ||     9
 Cast: Foxfire           |   122 |    28 ||   150
Armor: Robe              |     6 |     1 ||     7
Dodge: Dodged            |    13 |     2 ||    15
Block: Buckler           |     2 |       ||     2

Table legend: (Time is in decaauts)
 A = Elapsed time spent in this place.
 B = Non-inter-level travel time spent in this place.
 C = Inter-level travel time spent in this place.
 D = Time resting spent in this place.
 E = Time spent auto-exploring this place.
 F = Levels seen in this place.
 G = Mean time per level.
                   A        B        C        D        E       F      G
               +--------+--------+--------+--------+--------+-----+--------+
         Total |   3585 |   3504 |     81 |    309 |   2842 |   3 | 1195.0 |
       Dungeon |   3585 |   3504 |     81 |    309 |   2842 |   3 | 1195.0 |
               +--------+--------+--------+--------+--------+-----+--------+

Top non-repeatable levels by time:
     D:1: 1940 daAuts
     D:2: 1589 daAuts
     D:3: 55 daAuts
